 Dungeon Crawl Stone Soup version 0.29-a0-43-g62a80824bf (webtiles) character file.

Game seed: 5103024517363444942

34 Hubjo the Ducker (level 3, 0/21 HPs)
             Began as a Vampire Warper on Feb 2, 2022.
             Hit by a stone thrown by an orc (1 damage)
             ... on level 4 of the Dungeon.
             The game lasted 00:03:43 (796 turns).

Hubjo the Ducker (Vampire Warper)                    Turns: 796, Time: 00:03:44

Health: 0/21       AC:  3    Str:  8 (10) XL:     3   Next: 14%
Magic:  6/6        EV: 12    Int: 13 (15) God:
Gold:   53         SH:  0    Dex: 13 (15) Spells: 6/6 levels left

rFire   . . .      SeeInvis +   a - +0 short sword
rCold   + + .      Faith    .   (no shield)
rNeg    + + +      Spirit   .   b - +0 leather armour
rPois   ∞          Reflect  .   (no helmet)
rElec   .          Harm     .   (no cloak)
rCorr   .          Rampage  .   (no gloves)
Will    .....                   (no boots)
Stlth   ++++......              (no amulet)
HPRegen 0.00/turn               (no ring)
MPRegen 0.10/turn               (no ring)

@: bloodless, inhibited regen
A: bloodless, fangs 3, see invisible, vampiric 2
a: Bat Form, Revivify


You were on level 4 of the Dungeon.
You visited 1 branch of the dungeon, and saw 4 of its levels.

You collected 53 gold pieces.

Inventory:

Hand Weapons
 a - a +0 short sword (weapon)
Missiles
 d - 5 boomerangs of dispersal (quivered)
Armour
 b - a +0 leather armour (worn)
Scrolls
 f - a scroll of enchant armour {unknown}
 g - a scroll of holy word {unknown}
Potions
 e - 2 potions of flight {unknown}
 h - a potion of invisibility {unknown}


   Skills:
 + Level 2.0 Fighting
 + Level 2.4 Short Blades
 - Level 0.7 Throwing
 + Level 1.2 Armour
 + Level 2.6 Dodging
 + Level 1.7 Stealth
 + Level 2.2 Spellcasting
 - Level 2.4 Translocations


You had 6 spell levels left.
You didn't know any spells.
Your spell library contained the following spells:

 Spells                   Type           Power      Damage    Failure   Level
 Blink                    Tloc           14%        N/A       21%         2
 Gell's Gravitas          Tloc           7%         N/A       36%         3
 Lesser Beckoning         Tloc           7%         N/A       36%         3
 Teleport Other           Tloc           7%         N/A       36%         3
 Manifold Assault         Tloc           7%         N/A       98%         5


Dungeon Overview and Level Annotations

Branches:
Dungeon (4/15)
 Temple: D:4-7

Altars:
Ashenzari
Kikubaaqudgha


Innate Abilities, Weirdness & Mutations

You do not regenerate when monsters are visible.
You are frail without blood (-20% HP).
You can heal yourself when you bite living creatures.
You are immune to poison.
You have razor-sharp teeth.
You have supernaturally acute eyesight. (SInv)
You are afflicted with vampirism and can become a bat while bloodless.


Message History

A kobold comes into view.
It is wielding a +0 short sword and quivering poisoned darts.
The orc shouts!
You hit the ufetubus. Your bite misses the ufetubus.
The ufetubus is lightly wounded.
The ufetubus hits you. x2
You closely miss the ufetubus. Your bite misses the ufetubus.
The ufetubus is lightly wounded.
The ufetubus barely misses you.
The ufetubus hits you but does no damage.
The water moccasin skeleton closely misses you.
The ufetubus barely misses you. x2
You hit the ufetubus.
The ufetubus is lightly wounded.
The water moccasin skeleton bites you but does no damage.
The ufetubus closely misses you. The ufetubus hits you.
The orc throws a stone.
The stone hits you.
You closely miss the ufetubus.
The ufetubus is lightly wounded.
The ufetubus closely misses you. The ufetubus hits you.
* * * LOW HITPOINT WARNING * * *
The water moccasin skeleton bites you.
* * * LOW HITPOINT WARNING * * *
The ufetubus hits you but does no damage.
The ufetubus closely misses you.
The water moccasin skeleton closely misses you.
You miss the ufetubus.
The ufetubus hits you but does no damage.
The ufetubus closely misses you.
The water moccasin skeleton barely misses you.
You hit the ufetubus.
The ufetubus is heavily wounded.
The ufetubus misses you. x2
A water moccasin comes into view.
The orc throws a stone.
The stone hits you.
* * * LOW HITPOINT WARNING * * *
The ufetubus barely misses you. x2; The water moccasin moves out of view.
You hit the ufetubus.
The ufetubus is severely wounded.
The orc throws a stone.
The stone hits you.
You die...

##.# #.. #.) # #..
.####.#[# #..
......#.######....#
.......5..........#
#.o..@K.)###!##.#
#.###.#Z..#
#........#
###...#### ##.##
#.# #.# #.. ##


You could see an orc, an ufetubus, a kobold and a water moccasin skeleton.

Vanquished Creatures
  An ufetubus (D:3)
  2 dart slugs
  An orc (D:3)
  2 bats
  3 endoplasms
  A giant cockroach (D:3)
  3 goblins
  A kobold (D:1)
  2 quokkas
  2 ball pythons
  3 frilled lizards (D:1)
  A rat (D:3)
22 creatures vanquished.

Vanquished Creatures (others)
  A fungus (D:3)
1 creature vanquished.

Grand Total: 23 creatures vanquished

Notes
Turn   | Place    | Note
-------+----------+-------------------------------------------
     0 | D:1      | Hubjo the Vampire Warper began the quest for the Orb.
     0 | D:1      | Reached XP level 1. HP: 16/16 MP: 3/3
   215 | D:1      | Reached skill level 1 in Stealth
   215 | D:1      | Reached XP level 2. HP: 17/22 MP: 5/5
   221 | D:1      | Reached skill level 1 in Armour
   423 | D:3      | Gained mutation: You are afflicted with vampirism and can
                  | become a bat while bloodless. [Vampire growth]
   423 | D:3      | Reached XP level 3. HP: 7/27 MP: 6/6
   497 | D:3      | Found an ancient bone altar of Kikubaaqudgha.
   776 | D:3      | Found a broken altar of Ashenzari.
   795 | D:4      | Noticed a water moccasin
   795 | D:4      | HP: 1/21 [orc/stone (1)]
   796 | D:4      | Hit by a stone thrown by an orc

Illustrated notes

Levels and vault maps discovered:
D:1:      mrwooster_arrival_arrow, layout_basic, minmay_misc_feat_tiny,
          hangedman_glass_teeth, hangedman_decor_riveting, columned_hall_lemuel
D:2:      layout_loops_cross, shapermc_ecumenical_altar_hornbeckon
D:3:      layout_rooms, mainiacjoe_overflow_boulevard, grunt_gozag_statues,
          general_overflow_altar, nicolae_qazlal_general_emergency,
          serial_glass, glass_columns_b, glass_columns_c
D:4:      layout_loops_ring, uniq_pikel

Skill      XL: |  1  2 |
---------------+-------+-----
Stealth        | 1 |  1.7
Armour         | 1 |  1.2
Fighting       | 2 |  2.0
Short Blades   | |  2.4
Throwing       | |  0.7
Dodging        | |  2.6
Spellcasting   | |  2.2
Translocations | |  2.4

Action                   || total
-------------------------++-------
Melee: Short sword       ||    67
       Bite              ||    15
       Punch             ||     1
       Unarmed           ||    39
 Abil: End Transformatio ||     1
       Bat Form          ||     1
       Exsanguinate      ||     1
  Use: Scroll            ||     1
 Stab: Sleeping          ||     3
Armor: Leather armour    ||    28
Dodge: Dodged            ||   115

Table legend: (Time is in decaauts)
 A = Elapsed time spent in this place.
 B = Non-inter-level travel time spent in this place.
 C = Inter-level travel time spent in this place.
 D = Time resting spent in this place.
 E = Time spent auto-exploring this place.
 F = Levels seen in this place.
 G = Mean time per level.
                   A        B        C        D        E       F      G
               +--------+--------+--------+--------+--------+-----+--------+
         Total |    784 |    689 |     95 |    313 |    198 |   4 |  196.0 |
       Dungeon |    784 |    689 |     95 |    313 |    198 |   4 |  196.0 |
               +--------+--------+--------+--------+--------+-----+--------+

Top non-repeatable levels by time:
     D:3: 462 daAuts
     D:1: 300 daAuts
     D:4: 13 daAuts
     D:2: 8 daAuts
